 Dungeon Crawl Stone Soup version 0.19.0-24-gb05acd6 (webtiles) character file.

173 Kikal the Sneak (level 5, 0/22 HPs)
             Began as a Felid Enchanter on Nov 21, 2016.
             Slain by a centaur zombie (8 damage)
             ... on level 4 of the Dungeon.
             The game lasted 00:26:48 (6196 turns).

Kikal the Sneak (Felid Enchanter)                   Turns: 6196, Time: 00:26:49

Health: 0/22       AC:  2    Str:  4    XL:     5   Next: 28%
Magic:  8/10       EV: 18    Int: 18    God:
Gold:   189        SH:  0    Dex: 17    Spells: 4 memorised, 1 level left
                                        Lives:  0   Deaths: 1

rFire  . . .     SeeInvis +       - Unarmed
rCold  . . .     Gourm    .     (armour unavailable)
rNeg   . . .     Faith    .     (shield unavailable)
rPois  .         Spirit   .     (helmet unavailable)
rElec  .         Reflect  .     (cloak unavailable)
rCorr  .         Harm     .     (gloves unavailable)
MR     .....                    (boots unavailable)
Stlth  ++++......               (no amulet)
                                (no ring)
                                (no ring)

@: quick
A: no armour, no weapons or thrown items, stealth, claws 1, fangs 3, see
invisible, carnivore 3, speed 1, shaggy fur 2, slow metabolism 1, sharp paws
a: no special abilities


You were on level 4 of the Dungeon.
You were not hungry.

You visited 1 branch of the dungeon, and saw 4 of its levels.

You collected 189 gold pieces.

Inventory:

Jewellery
 g - an uncursed ring of see invisible
Scrolls
 c - 4 scrolls of teleportation {unknown}
 d - 12 scrolls of identify {unknown}
 e - a scroll of enchant armour {unknown}
 f - 3 scrolls of remove curse {unknown}
 j - a scroll of immolation {unknown}
 k - 3 scrolls of recharging {unknown}
 q - a scroll of blinking {unknown}
 r - a scroll of magic mapping {unknown}
 t - a scroll of random uselessness {unknown}
Potions
 h - a potion of magic {unknown}
 i - 2 potions of curing {unknown}
 l - a potion of degeneration {unknown}
 m - 2 potions of beneficial mutation {unknown}
 o - a potion of brilliance {unknown}
 p - a potion of cure mutation {unknown}
 u - a potion of lignification {unknown}
 w - a potion of mutation {unknown}
 x - 2 potions of flight {unknown}
 z - a potion of agility {unknown}
Books
 a - a book of Maledictions

   Spells                             Type                      Level
   a - Corona                         Hexes                        1
   b - Ensorcelled Hibernation        Hexes/Ice                    2
   c - Confuse                        Hexes                        3
   d - Tukima's Dance                 Hexes                        3
   e - Dazzling Spray                 Conjuration/Hexes            3
 n - a book of Misfortune

   Spells                             Type                      Level
   a - Confusing Touch                Hexes                        1
   b - Confuse                        Hexes                        3
   c - Gell's Gravitas                Hexes/Translocation          3
   d - Petrify                        Transmutation/Earth          4
   e - Metabolic Englaciation         Hexes/Ice                    5
   f - Yara's Violent Unravelling     Hexes/Transmutation          5
Comestibles
 b - a meat ration
 s - a beef jerky
 v - a slice of pizza


   Skills:
 - Level 2.2 Fighting
 - Level 2.6 Dodging
 + Level 6.7 Stealth
 - Level 2.1 Unarmed Combat
 * Level 3.0 Spellcasting
 - Level 6.1 Hexes


You had one spell level left.
You knew the following spells:

 Your Spells              Type           Power        Failure   Level  Hunger
a - Corona                Hex            ###....      1%          1    None
b - Ensorcelled Hibernat  Hex/Ice        ##....       10%         2    ##.....
c - Confuse               Hex            ###.....     4%          3    ###....
d - Tukima's Dance        Hex            ###.....     4%          3    ###....


Dungeon Overview and Level Annotations

Branches:
Dungeon (4/15)
 Temple: D:4-7

Altars:
Kikubaaqudgha
Xom
Yredelemnul

Annotations:
D:3 1 runed door
D:4 exclusion: orc priest


Innate Abilities, Weirdness & Mutations

You cannot wear armour.
You are incapable of wielding weapons or throwing items.
Your paws allow you to move quietly. (Stealth)
You have sharp claws.
You have razor-sharp teeth.
You have supernaturally acute eyesight. (SInv)
You are carnivorous and can eat meat at any time.
You cover ground quickly.
You are covered in thick fur. (AC +2)
You have a slow metabolism.
Your sharp claws are effective at attacking unaware monsters.


Message History

The centaur zombie is severely damaged.
The centaur zombie misses you.
You scratch the centaur zombie.
The centaur zombie is severely damaged.
You scratch the centaur zombie. You bite the centaur zombie.
The centaur zombie is almost destroyed.
You see here a scale mail.
You see here a scroll labeled YDUMUU JOONUE.
You scratch the centaur zombie.
You bite the centaur zombie, but do no damage.
The centaur zombie is almost destroyed.
The centaur zombie hits you.
You take 3 damage, and have 8/22 hp.
You scratch the centaur zombie but do no damage.
The centaur zombie is almost destroyed.
The centaur zombie closely misses you.
You scratch the centaur zombie. You bite the centaur zombie.
The centaur zombie is almost destroyed.
The centaur zombie hits you!
You die...

#.# #.# #.# #.# #.# #.# #.#
##### #.# #.####### #...# #.#
#....Z@.# #...# #.# #######?#
#...####### #.# #[# #...##.....
#.# #.#####...##.####
#.##############.##..##.......#
#..............#.#....#..##.#.#
##############.#.#_.⌠.#####.#.#
#(#.#.....# #.#.#
#.#.##....####.#.##


You could see a centaur zombie (confused).

Vanquished Creatures
  A centaur zombie (D:4)
  A hound (D:4)
  An orc wizard (D:4)
  2 iguanas
  A hound skeleton (D:4)
  5 adders
  A shadow imp (D:3)
  2 oozes
  A worm (D:2)
  4 dart slugs
  7 leopard geckos
  4 orcs
  5 bats
  4 giant cockroaches
  4 hobgoblins
  4 jackals (D:2)
  15 kobolds
  3 frilled lizards
  13 goblins
  10 rats
  A fungus (D:3)
89 creatures vanquished.

Notes
Turn   | Place    | Note
-------+----------+-------------------------------------------
     0 | D:1      | Kikal the Felid Enchanter began the quest for the Orb.
     0 | D:1      | Reached XP level 1. HP: 7/7 MP: 4/4
   404 | D:1      | Reached XP level 2. HP: 11/11 MP: 6/6
   773 | D:1      | Learned a level 2 spell: Ensorcelled Hibernation
  1153 | D:1      | Reached skill level 5 in Hexes
  1609 | D:1      | Reached skill level 5 in Stealth
  1642 | D:1      | Reached XP level 3. HP: 14/14 MP: 7/7
  1840 | D:1      | Learned a level 3 spell: Confuse
  2155 | D:2      | Found a basalt altar of Yredelemnul.
  2345 | D:2      | Reached skill level 1 in Fighting
  2883 | D:2      | Reached XP level 4. HP: 16/19 MP: 8/8
  4028 | D:3      | Found a runed door.
  4274 | D:3      | Reached XP level 5. HP: 13/22 MP: 6/9
  5670 | D:4      | Gained mutation: You are covered in thick fur. (AC +2) [Felid growth]
  5670 | D:4      | Reached XP level 6. HP: 26/26 MP: 7/11
  5832 | D:4      | Found an ancient bone altar of Kikubaaqudgha.
  5833 | D:4      | Found a shimmering altar of Xom.
  5934 | D:3      | Killed from afar by a shadow imp
  5935 | D:3      | Reached XP level 5. HP: -3/22 MP: 10/10
  6153 | D:4      | Learned a level 3 spell: Tukima's Dance
  6196 | D:4      | Slain by a centaur zombie

Skill      XL: |  1  2  3  4  5 |
---------------+----------------+-----
Hexes          | 5 6 |  6.1
Stealth        | 5 6 |  6.7
Fighting       | 1 2 |  2.2
Unarmed Combat | 2 |  2.1
Spellcasting   | 3 |  3.0
Dodging        | |  2.6

Action                   |  1- 3 |  4- 6 || total
-------------------------+-------+-------++-------
Melee: Unarmed           |   172 |   165 ||   337
       Bite              |    14 |    17 ||    31
 Cast: Ensorcelled Hiber |     7 |    18 ||    25
       Confuse           |     1 |     8 ||     9
 Stab: Sleeping          |    13 |    25 ||    38
       Distracted        |     2 |     1 ||     3
       Confused          |       |     4 ||     4
  Eat: Chunk             |    12 |     8 ||    20
Armor: Skin              |     7 |     4 ||    11
Dodge: Dodged            |   168 |   106 ||   274
